 Dungeon Crawl Stone Soup version 0.24-a0-266-g1edb078 (webtiles) character file.

Game seed: 3543464929616347982

7 AngleWyrm the Caller (level 1, -2/10 HPs)
             Began as a Deep Elf Summoner on Apr 21, 2019.
             Slain by a leopard gecko (5 damage)
             ... on level 1 of the Dungeon.
             The game lasted 00:05:58 (432 turns).

AngleWyrm the Caller (Deep Elf Summoner)             Turns: 432, Time: 00:05:59

Health: -2/10      AC:  3    Str:  5    XL:     1   Next: 83%
Magic:  4/6        EV: 12    Int: 19    God:
Gold:   14         SH:  0    Dex: 15    Spells: 5/6 levels left

rFire    . . .     SeeInvis .   l - +0 short sword
rCold    . . .     Gourm    .   (no shield)
rNeg     . . .     Faith    .   h - +0 leather armour
rPois    .         Spirit   .   (no helmet)
rElec    .         Reflect  .   (no cloak)
rCorr    .         Harm     .   (no gloves)
MR       .....                  (no boots)
Stlth    ++........             (no amulet)
HPRegen  0.03/turn              (no ring)
MPRegen  0.10/turn              (no ring)

@: very slightly contaminated
A: no striking features
a: no special abilities


You were on level 1 of the Dungeon.
You were not hungry.

You visited 1 branch of the dungeon, and saw 1 of its levels.

You collected 14 gold pieces.

Inventory:

Hand Weapons
 l - a +0 short sword (weapon)
Missiles
 e - 44 stones (quivered)
Armour
 a - a +0 robe
 h - a +0 leather armour (worn)
Jewellery
 g - an uncursed amulet of the gourmand {unknown}
 j - an uncursed ring of stealth {unknown}
Scrolls
 b - a scroll of magic mapping {unknown}
 k - 2 scrolls of identify {unknown}
 o - 2 scrolls of teleportation {unknown}
Potions
 d - a potion of berserk rage {unknown}
 i - a potion of haste {unknown}
 m - a potion of curing {unknown}
 n - a potion of lignification {unknown}
Comestibles
 c - 2 rations
 f - a chunk of flesh


   Skills:
 + Level 2.4 Dodging
 + Level 2.5 Stealth
 + Level 3.1 Spellcasting
 + Level 4.7 Summonings


You had 5 spell levels left.
You knew the following spells:

 Your Spells              Type           Power        Failure   Level  Hunger
a - Summon Small Mammal   Summ           ###.         3%          1    None

Your spell library contained the following spells:

 Spells                   Type           Power        Failure   Level  Hunger
 Call Imp                 Summ           ###.....     5%          2    ##.....
 Call Canine Familiar     Summ           ###.....     11%         3    ###....
 Summon Guardian Golem    Hex/Summ       ##......     28%         3    ###....
 Summon Ice Beast         Ice/Summ       ##......     67%         4    ####...
 Summon Lightning Spire   Summ/Air       ##......     67%         4    ####...


Dungeon Overview and Level Annotations

Branches:
Dungeon (1/15)

Altars:


Message History

You barely miss the leopard gecko. The leopard gecko bites you.
* * * LOW HITPOINT WARNING * * *
The leopard gecko barely misses you.
Casting: Summon Small Mammal (safe; 3% risk of failure)
Confirm with . or Enter, or press ? or * to list all spells.
You miscast Summon Small Mammal.
You are very lightly contaminated with residual magic.
Nothing appears to happen.
The leopard gecko bites you but does no damage. x2
Casting: Summon Small Mammal (safe; 3% risk of failure)
Confirm with . or Enter, or press ? or * to list all spells.
The leopard gecko bites you but does no damage.
The leopard gecko barely misses you.
Your rat bites the leopard gecko.
Some of the chunks of flesh in your inventory have rotted away.
You hit the leopard gecko.
The leopard gecko is almost dead.
The leopard gecko bites you.
Ouch! That really hurt!
You die...

#?...... .. ###.....## #......#
#......## #......# ....##.....
#......# .... #.#.#. ......# ....
#.#... .... ....$.. #.....
#.##### ....... ..#.....
#.....#####...# #.#.....
#####...l@....# #.#.....
###r.....######.#.....
##...................#.
####...####..#####......#.
#......# #...###......##.
#......####...............
########....................#.##.
#..........................##.##.
..............##.........>#######


You could see a leopard gecko and a friendly rat.

Vanquished Creatures
  A bat (D:1)
  2 rats (D:1)
3 creatures vanquished.

Vanquished Creatures (collateral kills)
  2 goblins (D:1)
  2 hobgoblins (D:1)
  A bat (D:1)
  A rat (D:1)
6 creatures vanquished.

Grand Total: 9 creatures vanquished

Notes
Turn   | Place    | Note
-------+----------+-------------------------------------------
     0 | D:1      | AngleWyrm the Deep Elf Summoner began the quest for the
                  | Orb.
     0 | D:1      | Reached XP level 1. HP: 10/10 MP: 6/6
   432 | D:1      | Slain by a leopard gecko

Levels and vault maps discovered:
D:1:      dpeg_arrival_connections, layout_rooms

Action                   || total
-------------------------++-------
Melee: Short sword       ||     9
       Mace              ||     4
       Dagger            ||     2
 Cast: Summon Small Mamm ||     7
 Stab: Sleeping          ||     1
Armor: Leather armour    ||    13
Dodge: Dodged            ||    11

Table legend:
 A = Non-vault XP
 B = Vault XP
 C = Vault XP percentage of total XP
 D = Non-vault monster count
 E = Vault monster count
 F = Vault count percentage of total count
                 A         B        C        D         E       F
            +---------+---------+-------+---------+---------+-------
      Total |      10 |       0 |   0.0 |       9 |       0 |   0.0
            +---------+---------+-------+---------+---------+-------
        D:1 |      10 |       0 |   0.0 |       9 |       0 |   0.0
            +---------+---------+-------+---------+---------+-------
